 Dungeon Crawl Stone Soup version 0.20.1-1-g8b1a95d66d (webtiles) character file.

123 Pixllover the Cudgeler (level 4, -7/41 HPs)
             Began as a Minotaur Berserker on Dec 16, 2017.
             Was a Believer of Trog.
             Mangled by Sigmund
             ... wielding a +0 scythe
              (8 damage)
             ... on level 2 of the Dungeon.
             The game lasted 00:04:43 (1687 turns).

Pixllover the Cudgeler (Minotaur Berserker)         Turns: 1687, Time: 00:04:44

Health: -7/41      AC:  3    Str: 21 (23) XL:     4   Next: 80%
Magic:  3/3        EV: 12    Int:  2 (4)  God:    Trog [**....]
Gold:   86         SH:  0    Dex:  7 (9)  Spells: 3/3 levels left

rFire    + + .     SeeInvis .   a - +0 mace
rCold    + . .     Gourm    .   (no shield)
rNeg     . . .     Faith    .   j - +0 leather armour
rPois    +         Spirit   .   (helmet restricted)
rElec    +         Reflect  .   (no cloak)
rCorr    +         Harm     .   (no gloves)
MR       .....                  (no boots)
Stlth    +.........             (no amulet)
Regen    0.2/turn               k - ring of protection from fire
MPRegen  0.1/turn               (no ring)

@: resistant
A: retaliatory headbutt, horns 2
a: Berserk, Trog's Hand, Burn Spellbooks, Renounce Religion


You were on level 2 of the Dungeon.
You worshipped Trog.
Trog was pleased with you.
You were not hungry.

You visited 1 branch of the dungeon, and saw 2 of its levels.

You collected 86 gold pieces.

Inventory:

Hand Weapons
 a - a +0 mace (weapon)
Armour
 b - a +0 animal skin
 j - a +0 leather armour (worn)
Jewellery
 g - a +3 ring of strength {unknown}
 k - a ring of protection from fire (left hand)
Scrolls
 e - a scroll of teleportation
Potions
 n - 2 potions of resistance
 o - a potion of heal wounds {unknown}
Comestibles
 c - a bread ration
 d - 2 fruits
 f - 4 chunks of flesh
 i - 2 meat rations


   Skills:
 + Level 4.6 Fighting
 + Level 5.1 Maces & Flails
 + Level 2.9 Armour
 + Level 3.0 Dodging
 + Level 0.3 Stealth


You had 3 spell levels left.
You didn't know any spells.

Dungeon Overview and Level Annotations

Branches:
Dungeon (2/15)

Altars:
Xom

Annotations:
D:2 Sigmund


Innate Abilities, Weirdness & Mutations

You reflexively headbutt those who attack you in melee.
You have a pair of horns on your head.


Message History

The kobold hits you with a short sword. Sigmund hits you but does no damage.
The kobold hits you but does no damage.
It was a potion of resistance.
You feel protected.
Sigmund casts a spell.
Sigmund flickers and vanishes!
Deactivating autopickup; reactivate with Ctrl-A.
The kobold closely misses you. Something hits you!
* * * LOW HITPOINT WARNING * * *
You hit the kobold but do no damage. The kobold barely misses you.
You closely miss the kobold. Something hits you.
* * * LOW HITPOINT WARNING * * *
The kobold hits you with a short sword.
* * * LOW HITPOINT WARNING * * *
You sock the kobold!
You kill the kobold!
Trog accepts your kill. Something hits you!
You die...

##########.# .# .. . #.# .# #.#
###.### #.# #.####.....# #.#
#....#.#.#.####.#
#l##..@.........# ###
#.####l#.#.####.#
######.####.####.{...# #.#
...........(.w..w.%######.#######
######.####.########............#
# ### #.# #.####.#####.# # #.#
#.# #.# #.# # #.# #.# #.# #.# #
#w# #.# #.# #.#


You could see a dart slug and a leopard gecko.

Vanquished Creatures
  Jessica (D:2)
  5 adders (D:2)
  4 worms (D:2)
  2 dart slugs
  A leopard gecko (D:1)
  5 bats
  A giant cockroach (D:1)
  2 hobgoblins
  4 jackals (D:2)
  5 kobolds
  2 frilled lizards
  4 goblins
  5 rats
  2 plants (D:1)
43 creatures vanquished.

Vanquished Creatures (others)
  A kobold (D:2)
1 creature vanquished.

Grand Total: 44 creatures vanquished

Notes
Turn   | Place    | Note
-------+----------+-------------------------------------------
     0 | D:1      | Pixllover the Minotaur Berserker began the quest for the Orb.
     0 | D:1      | Reached XP level 1. HP: 19/19 MP: 0/0
   251 | D:1      | Reached XP level 2. HP: 25/27 MP: 1/1
   488 | D:1      | Reached skill level 4 in Maces & Flails
   709 | D:2      | Reached XP level 3. HP: 17/33 MP: 2/2
   873 | D:2      | Noticed Jessica
   880 | D:2      | Killed Jessica
   887 | D:2      | Reached XP level 4. HP: 27/41 MP: 3/3
  1378 | D:2      | Found a shimmering altar of Xom.
  1380 | D:2      | Reached ** piety under Trog
  1426 | D:2      | Reached skill level 5 in Maces & Flails
  1668 | D:2      | Noticed Sigmund
  1686 | D:2      | HP: 1/41 [kobold/short sword (3)]
  1687 | D:2      | Mangled by Sigmund

Skill      XL: |  1  2  3  4 |
---------------+-------------+-----
Fighting       | 4 |  4.6
Maces & Flails | 4 5 |  5.1
Dodging        | 3 |  3.0
Armour         | |  2.9
Stealth        | |  0.3

Action                   |  1- 3 |  4- 6 || total
-------------------------+-------+-------++-------
Melee: Mace              |    85 |    53 ||   138
       Headbutt          |    27 |     7 ||    34
  Use: Scroll            |     2 |     2 ||     4
       Potion            |       |     2 ||     2
  Eat: Chunk             |       |     3 ||     3
Armor: Animal skin       |     2 |       ||     2
       Leather armour    |     8 |     8 ||    16
Dodge: Dodged            |    24 |    30 ||    54
